 Dungeon Crawl Stone Soup version 0.31-a0-1529-g7bd419a0e5 (console) character file.

Game seed: 297706449656742183

107 petzl the Sneak (level 5, -4/39 (41) HPs)
             Began as a Formicid Delver on Dec 31, 2023.
             Incinerated by a bombardier beetle (6 damage)
             ... with a burning spray
             ... on level 7 of the Dungeon.
             The game lasted 00:12:33 (1501 turns).

petzl the Sneak (Formicid Delver)                   Turns: 1501, Time: 00:12:34

HP:   -4/39 (41)    AC:  6    Str: 16    XL:     5   Next: 10%
MP:   7/9           EV: 12    Int: 12    God:
Gold: 90            SH:  0    Dex: 15    Spells: 9/9 levels left

rFire   . . .        a - +0 mace
rCold   . . .        (no shield)
rNeg    . . .        b - +0 leather armour
rPois   .            (helmet unavailable)
rElec   .            (no cloak)
rCorr   .            (no gloves)
SInv    +            c - +2 pair of boots
Will    .....        (no amulet)
Stlth   +            (no ring)
HPRegen 0.26/turn    (no ring)
MPRegen 0.11/turn

%: no passive effects
@: on fire, glowing, lightly drained
A: permanent stasis, dig shafts and tunnels, antennae 3, four strong arms
a: Dig, Shaft Self


You were on level 7 of the Dungeon.
You visited 1 branch of the dungeon, and saw 8 of its levels.
You also visited: Ossuary.

You collected 90 gold pieces.

Inventory:

Hand Weapons
 a - a +0 mace (weapon)
Missiles
 j - 4 stones (quivered)
Armour
 b - a +0 leather armour (worn)
 c - a +2 pair of boots (worn)
Wands
 l - a wand of iceblast (4)
Scrolls
 d - a scroll of silence {unknown}
 f - a scroll of vulnerability {unknown}
 i - a scroll of noise {unknown}
 k - a scroll of identify {unknown}
Potions
 g - a potion of brilliance {unknown}
 h - a potion of attraction {unknown}


   Skills:
 - Level 3.2 Fighting
 - Level 2.0 Maces & Flails
 + Level 3.3 Dodging
 - Level 6.0 Stealth
 + Level 2.9 Spellcasting


You had 9 spell levels left.
You didn't know any spells.
Your spell library contained the following spells:

 Spells                   Type           Power      Damage    Failure   Level
 Kiss of Death            Conj/Necr      4%         2d5       30%         1
 Confusing Touch          Hex            1%         N/A       67%         3
 Dispel Undead            Necr           1%         3d6       97%         4


Dungeon Overview and Level Annotations

Branches:
Dungeon (11/15)            Temple (0/1) D:6         Ossuary (visited)
   Lair: D:8-11         Orc: D:9-12

Altars:
Wu Jian
Zin

Shops:
D:4 (*

Annotations:
D:4 Edmund, Ijyb
D:6 exclusion: downstairs
D:7 Jeremiah, Maggie
D:8 exclusions: downstairs, sensed monster (detected) and yak
D:9 Maurice
D:10 exclusion: downstairs


Innate Abilities, Weirdness & Mutations

You cannot be hasted, slowed, berserked, paralysed or teleported.
You can dig through walls and to a lower floor.
You have a pair of large antennae on your head. (SInv)
Your four strong arms can wield two-handed weapons with a shield.


Message History

The bombardier beetle is heavily wounded.
The bombardier beetle bites you.
You hit the bombardier beetle.
The bombardier beetle is almost dead.
The bombardier beetle sprays incendiary fluid at you.
The burning spray hits you.
You are covered in liquid fire!
You hit the bombardier beetle but do no damage.
The bombardier beetle is almost dead.
The liquid fire burns you!
The bombardier beetle sprays incendiary fluid at you.
The burning spray hits you.
You are even more covered in liquid fire!
You hit the bombardier beetle.
The bombardier beetle is almost dead.
The liquid fire burns you!
The bombardier beetle sprays incendiary fluid at you.
The burning spray hits you.
You are even more covered in liquid fire!
You barely miss the bombardier beetle.
The bombardier beetle is almost dead.
The liquid fire burns you!
You hit the bombardier beetle but do no damage.
The bombardier beetle is almost dead.
The liquid fire burns you!
The bombardier beetle closely misses you.
You hit the bombardier beetle.
You kill the bombardier beetle!
The liquid fire burns you!
* * * LOW HITPOINT WARNING * * *
You have reached level 5!
You shake off some of the fire as you move.
The liquid fire burns you!
* * * LOW HITPOINT WARNING * * *
You shake off some of the fire as you move.
The liquid fire burns you!
* * * LOW HITPOINT WARNING * * *
You shake off some of the fire as you move.
The liquid fire burns you!
You die...

********* **,,,*,,,** **>,,,,,,,,**
*,,,,,,,,,,,* ****** *,,,,,,,,,,,*
,,,,,* *,,,,,....,,* ,,,,,*
**,,,,,...,** ,,,,,*
**,,,,,..######### ,,,,,*
**,*,*#.........# * ,,,,,*
*,*,*#.........# **
,,,,,********,*,*#..(......# **,
,,,,,,,,,,,,,,,,*#.........# **,,
*,**********,,***#.(@......# **,,,
*,*** *,,***#.........## *,,,,
*,,,* ****,,,,*#.....<....#** *,,,,
***,* **,,,,,*,*#............#***
*,,,, #.*
##......#...######.####..,,****,,,,
#.#*#.......###.* *..#
****,,,,,,,,, *..##.......# #,*
*#.# *****,,,,, **..#.......# *,**
*.#** **,,,,,,,, *#.##.....## *,,*
*^.,* *,,***,,,, #.#.......# **,***
*##.** *,***,,,,, #.........#
*,,,** *,,***,*,,,,,,, *#........#
***,,******,,,,,,,**,,,> #.#....>##
**,,,,,,,,,,,,*****,,, #W##...##
******,,,,,,,* **,, #.#.W###
****,,#.#*** *** **#<#.##**
****,,,,*#.# *#...#.,,,**
***,,,,***##.#
*#......,,,,*****,,,**#####..### **
#.......,,,,,*,,,,*** #........#
**,


There were no monsters in sight!

Vanquished Creatures
  A bullfrog (D:8)
  A bombardier beetle (D:7)
  4 orcs
  2 ball pythons (D:4)
  A giant cockroach (D:4)
9 creatures vanquished.

Notes
Turn   | Place    | Note
-------+----------+-------------------------------------------
     0 | D:5      | petzl the Formicid Delver began the quest for the Orb.
     0 | D:5      | Reached XP level 1. HP: 18/18 MP: 1/1
    47 | D:6      | Found an ornate altar of the Wu Jian Council.
   124 | D:5      | Noticed a bombardier beetle
   151 | D:5      | Noticed a hound
   204 | D:4      | Found Ythajyuz's Antique Weapon Shoppe.
   217 | D:4      | Noticed a scorpion
   291 | D:4      | Noticed Ijyb
   291 | D:4      | Noticed Edmund
   320 | D:4      | Found Zin's Purification Station.
   323 | D:4      | Found a glowing silver altar of Zin.
   407 | D:4      | Noticed an orc wizard
   408 | D:4      | Noticed an orc wizard
   410 | D:4      | Noticed a hound
   431 | D:4      | You fall into a shaft and drop 3 floors!
   475 | D:7      | Noticed Jeremiah
   520 | D:7      | Noticed Maggie
   520 | D:7      | Noticed a phantom
   560 | D:7      | You fall into a shaft and drop 1 floor!
   671 | D:8      | Found a sand-covered staircase.
   684 | Ossuary  | Entered an ossuary
   738 | D:8      | Noticed a yak
   761 | D:8      | Noticed a yak
   769 | D:8      | Noticed a yak
   780 | D:8      | You fall into a shaft and drop 2 floors!
   780 | D:10     | Entered Level 10 of the Dungeon
   792 | D:11     | Noticed an orc warrior
   795 | D:11     | Noticed an orc wizard
   796 | D:11     | Noticed an orc wizard
   798 | D:11     | Noticed a shadow
   836 | D:9      | Noticed Maurice
   837 | D:9      | Noticed a howler monkey
   859 | D:9      | Noticed an orc priest
   861 | D:9      | Reached skill level 1 in Spellcasting
   861 | D:9      | Reached XP level 2. HP: 19/21 MP: 3/3
  1180 | D:8      | Noticed a bullfrog
  1180 | D:8      | Noticed an orc warrior
  1194 | D:8      | Killed a bullfrog
  1195 | D:8      | Reached XP level 3. HP: 22/29 MP: 3/6
  1195 | D:8      | Reached XP level 4. HP: 26/35 MP: 3/7
  1379 | D:8      | Noticed an orc warrior
  1484 | D:6      | Noticed a steam dragon
  1488 | D:6      | Found a staircase to the Ecumenical Temple.
  1499 | D:7      | Reached XP level 5. HP: 10/39 MP: 7/9
  1501 | D:7      | Incinerated by a bombardier beetle

Illustrated notes

Levels and vault maps discovered:
D:4:      layout_loops_cross, zin_purify, brannock_xom_greatest_gift,
          serial_shops, nicolae_shop_tiny_real_fake_doors, minmay_cut_off,
          uniq_ijyb, uniq_duvessa, uniq_edmund
D:5:      layout_loops_ring, serial_rivers, chequers_serial_rivers_small_3,
          chequers_serial_rivers_micro_d, chequers_serial_rivers_micro_a,
          chequers_serial_rivers_marsh, chequers_serial_rivers_small_a,
          chequers_serial_rivers_micro_d, uniq_pikel
D:6:      layout_gridville, mainiacjoe_overflow_brackets, lemuel_round_altar,
          minmay_temple_entry_stoned_glass, uniq_sigmund
D:7:      layout_rooms, chequers_serial_rivers_room_b, uniq_joseph,
          uniq_jeremiah, uniq_maggie
D:8:      layout_basic, lightli_ossuary_entry_decrepit_ruins,
          serial_co_window_serial, co_window_of_opportunity_a,
          co_window_paths_b, co_window_corner_a, co_window_of_opportunity_a,
          co_window_corner_a, co_window_corner_a, co_window_paths_a,
          co_window_broadway_b, co_window_corner_b, co_window_broadway_b,
          co_window_corner_b, co_window_corner_b, co_window_paths_c,
          co_window_corner_cb, glass_columns_b, glass_columns_c,
          glass_columns_b, glass_columns_a, glass_columns_b
D:9:      layout_basic, tso_metal_star, uniq_maurice
D:10:     layout_gridville, chequers_temple_overflow_statue_of_worship,
          grunt_qazlal_sundering
D:11:     layout_loops_cross, dpeg_oklobed_lair, erik_orc_4,
          chequers_mini_garden

Skill      XL: |  1  2 |
---------------+-------+-----
Dodging        | 2 3 |  3.3
Spellcasting   | 1 2 |  2.9
Fighting       | |  3.2
Maces & Flails | |  2.0
Stealth        | |  6.0

Action                     |  1- 3 |  4- 6 || total
---------------------------+-------+-------++-------
  Melee: Mace              |    15 |    22 ||    37
         Punch             |     1 |       ||     1
  Throw: Stone             |     1 |       ||     1
Ability: Dig               |     3 |     3 ||     6
         Shaft Self        |     3 |       ||     3
  Evoke: Wand              |     5 |     1 ||     6
    Use: Scroll            |     2 |     1 ||     3
   Stab: Sleeping          |     1 |     1 ||     2
 Armour: Leather armour    |    14 |     9 ||    23
  Dodge: Dodged            |    19 |    12 ||    31

Table legend: (Time is in decaauts)
 A = Elapsed time spent in this place.
 B = Non-inter-level travel time spent in this place.
 C = Inter-level travel time spent in this place.
 D = Time resting spent in this place.
 E = Time spent auto-exploring this place.
 F = Levels seen in this place.
 G = Mean time per level.
                   A        B        C        D        E       F      G
               +--------+--------+--------+--------+--------+-----+--------+
         Total |   1518 |   1462 |     56 |    167 |    129 |   9 |  168.7 |
       Dungeon |   1512 |   1456 |     56 |    167 |    129 |   8 |  189.0 |
       Ossuary |      6 |      6 |      0 |      0 |      0 |   1 |    6.0 |
               +--------+--------+--------+--------+--------+-----+--------+

Top non-repeatable levels by time:
     D:8: 827 daAuts
     D:4: 246 daAuts
     D:7: 161 daAuts
     D:5: 132 daAuts
     D:6: 59 daAuts
     D:9: 38 daAuts
    D:10: 37 daAuts
    D:11: 7 daAuts
 Ossuary: 6 daAuts
